San Jose Sharks vs Los Angeles Kings
Created - Friday, November 3, 2023 at 07:16
Goals
|
| San Jose Sharks |
0 |
0 |
1 |
1 |
| Los Angeles Kings |
1 |
2 |
2 |
5 |
|
Shots
|
| San Jose Sharks |
8 |
16 |
6 |
30 |
| Los Angeles Kings |
11 |
11 |
19 |
41 |
|
1st period
1. Los Angeles Kings , Nicklas Backstrom 20 (Seth Jarvis 25, Noah Dobson 18) at 12:24 (PP)
Penalties :
Nikita Zadorov (SJS) for Holding (Minor) at 8:47, Ryan Hartman (SJS) for Roughing (Minor) at 12:14, Ryan Hartman (SJS) for Tripping (Minor) at 12:48
2nd period
2. Los Angeles Kings , K'Andre Miller 5 (Cooper Marody 16, Alexander Romanov 10) at 10:15
3. Los Angeles Kings , Andrei Svechnikov 13 (Alexander Romanov 11, John Gibson) at 14:47
Penalties :
Cooper Marody (LAK) for Roughing (Minor) at 1:52, Nikita Zadorov (SJS) for Hooking (Minor) at 4:55
3rd period
4. Los Angeles Kings , Alexander Radulov 16 (Peyton Krebs 8, Owen Power 15) at 4:41
5. San Jose Sharks , Nicholas Paul 8 (Andreas Athanasiou 20, Travis Boyd 8) at 8:54
6. Los Angeles Kings , Nicklas Backstrom 21 (Trent Frederic 1, Seth Jarvis 26) at 10:52
Penalties :
Ryan Hartman (SJS) for Hooking (Minor) at 2:30, Derek Forbort (SJS) for Tripping (Minor) at 11:37, Michael Bunting (SJS) for Holding (Minor) at 19:49
Goalie Stats
Martin Jones (SJS), 36 saves from 41 shots - (0.878), L, 24-14-11, 60:00 minutes
John Gibson (LAK), 29 saves from 30 shots - (0.967), W, 9-23-5, 60:00 minutes
Players Stats for San Jose Sharks
Player Name G A P +/- PIM S H SB GA TA FO MP PP MP PK MP
------------------------------------------------------------------------------------
Adam Henrique 0 0 0 -1 0 2 0 0 1 0 13/21 19:38 1:00 5:00
Alex Iafallo 0 0 0 -1 0 1 1 0 1 0 0/2 18:36 1:00 4:47
Andreas Athanasiou 0 1 1 0 0 3 2 0 1 0 0/0 12:11 0:00 0:00
Anthony Deangelo 0 0 0 0 0 0 1 1 1 0 0/0 18:57 1:08 1:24
Calle Rosen 0 0 0 -2 0 2 0 2 0 0 0/0 20:24 0:00 5:57
Danton Heinen 0 0 0 -1 0 3 1 0 0 0 0/0 8:53 0:00 0:50
Derek Forbort 0 0 0 -1 2 1 0 2 1 2 0/0 21:58 0:51 3:55
Jacob Middleton 0 0 0 -2 0 0 3 1 0 0 0/0 20:46 0:00 6:23
Joel Edmundson 0 0 0 0 0 1 3 1 0 0 0/0 18:42 1:08 0:00
Michael Bunting 0 0 0 0 2 0 2 0 1 1 0/0 7:50 0:00 0:00
Mike Hoffman 0 0 0 0 0 0 0 1 1 0 3/4 9:24 0:00 1:33
Nicholas Paul 1 0 1 -1 0 3 0 0 3 0 5/12 13:34 0:00 0:45
Nikita Zadorov 0 0 0 -1 4 1 4 1 1 1 0/0 20:07 0:51 2:51
Oliver Bjorkstrand 0 0 0 -1 0 1 1 0 0 0 0/2 14:34 0:59 0:00
Ryan Hartman 0 0 0 -2 6 2 2 0 1 0 0/1 17:07 1:00 2:54
Ryan Strome 0 0 0 -1 0 6 1 1 0 0 0/2 14:34 0:59 0:00
Travis Boyd 0 1 1 0 0 0 0 1 0 0 0/0 12:11 0:00 0:00
William Karlsson 0 0 0 -1 0 4 0 2 1 0 12/22 20:12 0:59 4:41
Players Stats for Los Angeles Kings
Player Name G A P +/- PIM S H SB GA TA FO MP PP MP PK MP
------------------------------------------------------------------------------------
Alexander Radulov 1 0 1 2 0 10 0 0 1 0 0/0 12:57 0:04 0:00
Alexander Romanov 0 2 2 2 0 2 2 0 0 1 0/0 22:48 5:06 1:06
Andrei Kuzmenko 0 0 0 -1 0 1 1 0 0 1 0/0 19:53 5:06 1:00
Andrei Svechnikov 1 0 1 -1 0 5 3 2 0 1 1/2 19:46 5:06 0:59
Cooper Marody 0 1 1 1 2 3 2 0 0 0 3/5 7:24 0:00 0:00
Erik Brannstrom 0 0 0 2 0 1 0 1 0 0 0/0 13:50 0:00 0:00
Joshua Brown 0 0 0 2 0 1 0 4 0 3 0/0 13:50 0:00 0:00
K'Andre Miller 1 0 1 2 0 2 2 0 0 1 0/0 22:48 5:06 1:06
Kirby Dach 0 0 0 -1 0 1 3 1 0 2 11/25 19:46 5:06 0:59
Marco Rossi 0 0 0 1 0 1 0 0 1 1 0/0 7:45 0:08 0:00
Nicklas Backstrom 2 0 2 1 0 4 2 0 1 0 14/23 19:58 5:05 1:00
Noah Dobson 0 1 1 -1 0 5 2 0 0 1 0/0 23:22 5:09 0:53
Owen Power 0 1 1 -1 0 0 1 1 0 0 0/0 23:22 5:09 0:53
Peyton Krebs 0 1 1 2 0 0 0 1 0 0 4/7 12:38 0:00 0:00
Ryan Reaves 0 0 0 1 0 0 0 0 0 0 0/0 7:38 0:04 0:00
Seth Jarvis 0 2 2 1 0 5 3 0 1 1 0/1 18:52 5:05 0:00
Trent Frederic 0 1 1 1 0 0 0 0 0 1 0/2 18:45 5:01 0:00
Vitali Kravtsov 0 0 0 2 0 0 0 0 0 0 0/1 12:38 0:00 0:00
3 Stars
1 - Nicklas Backstrom (LAK)
2 - John Gibson (LAK)
3 - Alexander Romanov (LAK)
Power Play
San Jose Sharks - 0 on 1 Attempt(s) - 0.00%
Los Angeles Kings - 1 on 7 Attempt(s) - 14.29%
Penalty Kill
San Jose Sharks - 6 on 7 Attempt(s) - 85.71%
- Score 0 goal in Penalty Kill
Los Angeles Kings - 1 on 1 Attempt(s) - 100.00%
- Score 0 goal in Penalty Kill
Team Stat
San Jose Sharks - Hits : 21 - Faceoff Wins : 33 - Blocked Shots : 13 - Penalty Minutes : 14
Los Angeles Kings - Hits : 21 - Faceoff Wins : 33 - Blocked Shots : 10 - Penalty Minutes : 2
Official
Referees : Chris Lee and Wes McCauley
Linesman : Matt MacPherson and Darren Gibbs
Game Notes
No Game Note
Finance
Level 1 -- Attendance: 4253 (70.88%) -- Ticket Income $425,300
Level 2 -- Attendance: 3889 (77.78%) -- Ticket Income $233,340
Level 3 -- Attendance: 2105 (70.17%) -- Ticket Income $73,675
Level 4 -- Attendance: 3523 (70.46%) -- Ticket Income $88,075
Luxury Box -- Attendance: 737 (73.70%) -- Ticket Income $147,400
Game was played at the Staples Center.
Total Attendance: 14507 (72.54%)
Total Ticket Income: $967,790
Other Income: $338,726
Total Income: $1,306,516
San Jose Sharks
5 vs 5 Forward
Center Left Wing Right Wing Time % Phy DF OF
1 Adam Henrique Alex Iafallo Ryan Hartman 30 1 2 2
2 William Karlsson Oliver Bjorkstrand Ryan Strome 30 1 2 2
3 Nicholas Paul Andreas Athanasiou Travis Boyd 25 1 2 2
4 Mike Hoffman Michael Bunting Danton Heinen 15 1 2 2
5 vs 5 Defense
Defense Defense Time % Phy DF OF
1 Derek Forbort Nikita Zadorov 35 1 2 2
2 Joel Edmundson Anthony Deangelo 35 1 2 2
3 Jacob Middleton Calle Rosen 30 1 2 2
4 Derek Forbort Joel Edmundson 0 1 2 2
PowerPlay Forward
Center Left Wing Right Wing Time % Phy DF OF
1 Adam Henrique Alex Iafallo Ryan Hartman 50 1 2 2
2 William Karlsson Oliver Bjorkstrand Ryan Strome 50 1 2 2
PowerPlay Defense
Defense Defense Time % Phy DF OF
1 Derek Forbort Nikita Zadorov 50 1 2 2
2 Joel Edmundson Anthony Deangelo 50 1 2 2
Penalty Kill 4 Players Forward
Center Wing Time % Phy DF OF
1 Adam Henrique William Karlsson 50 1 2 2
2 Alex Iafallo Ryan Hartman 50 1 2 2
Penalty Kill 4 Players Defense
Defense Defense Time % Phy DF OF
1 Derek Forbort Nikita Zadorov 50 1 2 2
2 Jacob Middleton Calle Rosen 50 1 2 2
Penalty Kill - 3 Players Forward
Forward Time % Phy DF OF
1 Adam Henrique 50 1 2 2
2 William Karlsson 50 1 2 2
Penalty Kill - 3 Players Defense
Defense Defense Time % Phy DF OF
1 Derek Forbort Jacob Middleton 50 1 2 2
2 Nikita Zadorov Anthony Deangelo 50 1 2 2
4 vs 4 Forward
Center Wing Time % Phy DF OF
1 Adam Henrique William Karlsson 50 1 2 2
2 Alex Iafallo Ryan Hartman 50 1 2 2
4 vs 4 Defense
Defense Defense Time % Phy DF OF
1 Nikita Zadorov Derek Forbort 50 1 2 2
2 Joel Edmundson Jacob Middleton 50 1 2 2
Last Minutes Offensive
Center Left Wing Right Wing Defense Defense
Adam Henrique Alex Iafallo Ryan Hartman Derek Forbort Nikita Zadorov
Last Minutes Defensive
Center Left Wing Right Wing Defense Defense
Adam Henrique Alex Iafallo Ryan Hartman Derek Forbort Nikita Zadorov
Goaltenders
Starting : Martin Jones
Backup : James Reimer
Extra Forwards
Normal : Michael Bunting, Andreas Athanasiou, Mike Hoffman - PP : Michael Bunting, Andreas Athanasiou - PK : Mike Hoffman
Extra Defensemen
Normal : Nikita Zadorov, Jacob Middleton, Derek Forbort - PP : Nikita Zadorov - PK : Jacob Middleton, Derek Forbort
Penalty Shots
Adam Henrique, William Karlsson, Alex Iafallo, Ryan Hartman, Ryan Strome
Los Angeles Kings
5 vs 5 Forward
Center Left Wing Right Wing Time % Phy DF OF
1 Kirby Dach Andrei Svechnikov Andrei Kuzmenko 30 1 2 2
2 Nicklas Backstrom Trent Frederic Seth Jarvis 30 1 2 2
3 Peyton Krebs Vitali Kravtsov Alexander Radulov 25 1 2 2
4 Cooper Marody Marco Rossi Ryan Reaves 15 1 2 2
5 vs 5 Defense
Defense Defense Time % Phy DF OF
1 K'Andre Miller Alexander Romanov 35 1 2 2
2 Noah Dobson Owen Power 35 1 2 2
3 Joshua Brown Erik Brannstrom 30 1 2 2
4 K'Andre Miller Alexander Romanov 0 1 2 2
PowerPlay Forward
Center Left Wing Right Wing Time % Phy DF OF
1 Kirby Dach Andrei Svechnikov Andrei Kuzmenko 50 1 2 2
2 Nicklas Backstrom Trent Frederic Seth Jarvis 50 1 2 2
PowerPlay Defense
Defense Defense Time % Phy DF OF
1 K'Andre Miller Alexander Romanov 50 1 2 2
2 Noah Dobson Owen Power 50 1 2 2
Penalty Kill 4 Players Forward
Center Wing Time % Phy DF OF
1 Andrei Svechnikov Kirby Dach 50 1 2 2
2 Andrei Kuzmenko Nicklas Backstrom 50 1 2 2
Penalty Kill 4 Players Defense
Defense Defense Time % Phy DF OF
1 K'Andre Miller Alexander Romanov 50 1 2 2
2 Noah Dobson Owen Power 50 1 2 2
Penalty Kill - 3 Players Forward
Forward Time % Phy DF OF
1 Andrei Svechnikov 50 1 2 2
2 Kirby Dach 50 1 2 2
Penalty Kill - 3 Players Defense
Defense Defense Time % Phy DF OF
1 K'Andre Miller Alexander Romanov 50 1 2 2
2 Noah Dobson Owen Power 50 1 2 2
4 vs 4 Forward
Center Wing Time % Phy DF OF
1 Andrei Svechnikov Kirby Dach 50 1 2 2
2 Andrei Kuzmenko Nicklas Backstrom 50 1 2 2
4 vs 4 Defense
Defense Defense Time % Phy DF OF
1 K'Andre Miller Alexander Romanov 50 1 2 2
2 Noah Dobson Owen Power 50 1 2 2
Last Minutes Offensive
Center Left Wing Right Wing Defense Defense
Kirby Dach Andrei Svechnikov Andrei Kuzmenko K'Andre Miller Alexander Romanov
Last Minutes Defensive
Center Left Wing Right Wing Defense Defense
Kirby Dach Andrei Svechnikov Andrei Kuzmenko K'Andre Miller Alexander Romanov
Goaltenders
Starting : John Gibson
Backup : Jonas Johansson
Extra Forwards
Normal : Marco Rossi, Alexander Radulov, Peyton Krebs - PP : Marco Rossi, Alexander Radulov - PK : Peyton Krebs
Extra Defensemen
Normal : Joshua Brown, Erik Brannstrom, Noah Dobson - PP : Joshua Brown - PK : Erik Brannstrom, Noah Dobson
Penalty Shots
Andrei Svechnikov, Kirby Dach, Andrei Kuzmenko, Nicklas Backstrom, Seth Jarvis
% Time on Ice - San Jose Sharks
Lines # - Real PCT - Wanted PCT - Time Play
Normal Forward
1 - 29% - 30% - 13:53
2 - 29% - 30% - 13:51
3 - 26% - 25% - 12:11
4 - 16% - 15% - 7:51
Normal Defense
1 - 34% - 35% - 16:02
2 - 33% - 35% - 15:49
3 - 29% - 30% - 13:43
4 - 5% - 0% - 2:12
PP Forward
1 - 50% - 50% - 1:00
2 - 50% - 50% - 0:59
PP Defense
1 - 43% - 50% - 0:51
2 - 57% - 50% - 1:08
PK Forward
1 - 46% - 50% - 4:44
2 - 54% - 50% - 5:31
PK Defense
1 - 59% - 50% - 6:02
2 - 41% - 50% - 4:13
PK3 Forward
1 - 0% - 50%
2 - 0% - 50%
PK3 Defense
1 - 0% - 50%
2 - 0% - 50%
44 Forward
1 - 0% - 50%
2 - 0% - 50%
44 Defense
1 - 0% - 50%
2 - 0% - 50%
Last Minute Offensive - 0:00
Last Minute Defensive - 0:00
Total
Forward - 60:00
Defense - 60:00
|
% Time on Ice - Los Angeles Kings
Lines # - Real PCT - Wanted PCT - Time Play
Normal Forward
1 - 29% - 30% - 13:56
2 - 29% - 30% - 13:53
3 - 26% - 25% - 12:38
4 - 15% - 15% - 7:19
Normal Defense
1 - 35% - 35% - 16:36
2 - 36% - 35% - 17:20
3 - 29% - 30% - 13:50
4 - 0% - 0% - 0:00
PP Forward
1 - 50% - 50% - 5:10
2 - 50% - 50% - 5:05
PP Defense
1 - 50% - 50% - 5:06
2 - 50% - 50% - 5:09
PK Forward
1 - 50% - 50% - 0:59
2 - 50% - 50% - 1:00
PK Defense
1 - 55% - 50% - 1:06
2 - 45% - 50% - 0:53
PK3 Forward
1 - 0% - 50%
2 - 0% - 50%
PK3 Defense
1 - 0% - 50%
2 - 0% - 50%
44 Forward
1 - 0% - 50%
2 - 0% - 50%
44 Defense
1 - 0% - 50%
2 - 0% - 50%
Last Minute Offensive - 0:00
Last Minute Defensive - 0:00
Total
Forward - 60:00
Defense - 60:00
|
Play-by-Play
1st period
0:01 of 1st period - Kirby Dach wins face-off versus Alex Iafallo in neutral zone.
0:04 of 1st period - Derek Forbort is hit by Andrei Svechnikov and loses puck.
0:25 of 1st period - William Karlsson is hit by Seth Jarvis.
0:46 of 1st period - Off-side.
0:47 of 1st period - Nicholas Paul wins face-off versus Vitali Kravtsov in neutral zone.
1:16 of 1st period - Slapshot by Michael Bunting.
1:16 of 1st period - Shot Blocked by Joshua Brown.
1:18 of 1st period - Snap shot by Danton Heinen.
1:18 of 1st period - Stopped by John Gibson without a rebound.
1:19 of 1st period - Adam Henrique wins face-off versus Kirby Dach in Los Angeles Kings zone.
2:08 of 1st period - Calle Rosen is hit by K'Andre Miller and loses puck.
2:31 of 1st period - Snap shot by William Karlsson.
2:31 of 1st period - Stopped by John Gibson with a rebound.
2:33 of 1st period - Backhand shot by Joel Edmundson.
2:33 of 1st period - Shot Blocked by Joshua Brown.
2:35 of 1st period - Slapshot by Nikita Zadorov.
2:35 of 1st period - Deflect By Ryan Strome.
2:35 of 1st period - Stopped by John Gibson with a rebound.
3:03 of 1st period - Slapshot by Andrei Kuzmenko.
3:03 of 1st period - Shot Misses the Net.
3:13 of 1st period - Owen Power is hit by Danton Heinen and loses puck.
4:41 of 1st period - Alexander Romanov is hit by Anthony Deangelo and loses puck.
5:44 of 1st period - Erik Brannstrom is hit by Jacob Middleton and loses puck.
6:01 of 1st period - Wrist shot by Andrei Kuzmenko.
6:01 of 1st period - Shot Misses the Net.
6:03 of 1st period - Slapshot by Owen Power.
6:03 of 1st period - Shot Blocked by William Karlsson.
6:05 of 1st period - Snap shot by Kirby Dach.
6:05 of 1st period - Shot Misses the Net.
6:16 of 1st period - Off-side.
6:17 of 1st period - Nicklas Backstrom wins face-off versus Nicholas Paul in neutral zone.
7:12 of 1st period - Wrist shot by Mike Hoffman.
7:12 of 1st period - Shot Blocked by Andrei Svechnikov.
7:14 of 1st period - Slapshot by Derek Forbort.
7:14 of 1st period - Stopped by John Gibson without a rebound.
7:15 of 1st period - Nicklas Backstrom wins face-off versus Nicholas Paul in Los Angeles Kings zone.
8:00 of 1st period - Snap shot by Alexander Radulov.
8:00 of 1st period - Shot Misses the Net.
8:08 of 1st period - Erik Brannstrom is hit by Ryan Strome and loses puck.
8:28 of 1st period - Wrist shot by Peyton Krebs.
8:28 of 1st period - Shot Blocked by Derek Forbort.
8:47 of 1st period - Minor Penalty to Nikita Zadorov for Holding.
8:48 of 1st period - Adam Henrique wins face-off versus Kirby Dach in San Jose Sharks zone.
10:18 of 1st period - Icing by Kirby Dach.
10:19 of 1st period - Kirby Dach wins face-off versus Ryan Hartman in Los Angeles Kings zone.
10:47 of 1st period - Penalty to Nikita Zadorov is over, Nikita Zadorov is back on ice.
10:58 of 1st period - Andreas Athanasiou is hit by Cooper Marody and loses puck.
11:05 of 1st period - Owen Power is hit by Joel Edmundson and loses puck.
11:22 of 1st period - Wrist shot by Danton Heinen.
11:22 of 1st period - Stopped by John Gibson without a rebound.
11:23 of 1st period - Kirby Dach wins face-off versus Oliver Bjorkstrand in Los Angeles Kings zone.
11:29 of 1st period - Off-side.
11:30 of 1st period - William Karlsson wins face-off versus Kirby Dach in neutral zone.
11:43 of 1st period - Icing by Andrei Svechnikov.
11:44 of 1st period - Kirby Dach wins face-off versus Alex Iafallo in Los Angeles Kings zone.
12:14 of 1st period - Minor Penalty to Ryan Hartman for Roughing.
12:15 of 1st period - William Karlsson wins face-off versus Nicklas Backstrom in San Jose Sharks zone.
12:15 of 1st period - William Karlsson is hit by Seth Jarvis.
12:24 of 1st period - Slapshot by Nicklas Backstrom.
12:24 of 1st period - Goal by Nicklas Backstrom - San Jose Sharks : 0 - Los Angeles Kings : 1.
12:25 of 1st period - Nicklas Backstrom wins face-off versus William Karlsson in neutral zone.
12:33 of 1st period - Snap shot by Oliver Bjorkstrand.
12:33 of 1st period - Shot Misses the Net.
12:35 of 1st period - Slapshot by Calle Rosen.
12:35 of 1st period - Stopped by John Gibson without a rebound.
12:36 of 1st period - Adam Henrique wins face-off versus Nicklas Backstrom in Los Angeles Kings zone.
12:48 of 1st period - Minor Penalty to Ryan Hartman for Tripping.
12:49 of 1st period - Adam Henrique wins face-off versus Kirby Dach in San Jose Sharks zone.
14:48 of 1st period - Penalty to Ryan Hartman is over, Ryan Hartman is back on ice.
14:48 of 1st period - Icing by Calle Rosen.
14:49 of 1st period - Nicklas Backstrom wins face-off versus Nicholas Paul in San Jose Sharks zone.
15:02 of 1st period - Slapshot by Ryan Hartman.
15:02 of 1st period - Stopped by John Gibson without a rebound.
15:03 of 1st period - Cooper Marody wins face-off versus Adam Henrique in Los Angeles Kings zone.
15:12 of 1st period - Snap shot by Marco Rossi.
15:12 of 1st period - Stopped by Martin Jones without a rebound.
15:13 of 1st period - Cooper Marody wins face-off versus Adam Henrique in San Jose Sharks zone.
15:59 of 1st period - Snap shot by Cooper Marody.
15:59 of 1st period - Stopped by Martin Jones with a rebound.
16:05 of 1st period - Slapshot by Erik Brannstrom.
16:05 of 1st period - Shot Blocked by Joel Edmundson.
16:15 of 1st period - Slapshot by Cooper Marody.
16:15 of 1st period - Stopped by Martin Jones without a rebound.
16:16 of 1st period - Nicklas Backstrom wins face-off versus Ryan Strome in San Jose Sharks zone.
16:21 of 1st period - Slapshot by Seth Jarvis.
16:21 of 1st period - Stopped by Martin Jones without a rebound.
16:22 of 1st period - Nicklas Backstrom wins face-off versus William Karlsson in San Jose Sharks zone.
16:23 of 1st period - Slapshot by Noah Dobson.
16:23 of 1st period - Stopped by Martin Jones without a rebound.
16:24 of 1st period - Nicklas Backstrom wins face-off versus William Karlsson in San Jose Sharks zone.
16:37 of 1st period - William Karlsson is hit by Seth Jarvis and loses puck.
17:06 of 1st period - Ryan Strome is hit by Nicklas Backstrom and loses puck.
17:11 of 1st period - Wrist shot by Nicklas Backstrom.
17:11 of 1st period - Stopped by Martin Jones without a rebound.
17:12 of 1st period - Nicholas Paul wins face-off versus Kirby Dach in San Jose Sharks zone.
17:12 of 1st period - Nicholas Paul is hit by Andrei Svechnikov.
18:12 of 1st period - Wrist shot by Alex Iafallo.
18:12 of 1st period - Stopped by John Gibson without a rebound.
18:13 of 1st period - Nicklas Backstrom wins face-off versus Nicholas Paul in Los Angeles Kings zone.
18:13 of 1st period - Nicklas Backstrom is hit by Nikita Zadorov.
18:50 of 1st period - Wrist shot by Andrei Svechnikov.
18:50 of 1st period - Deflect By Kirby Dach.
18:50 of 1st period - Shot Blocked by Ryan Strome.
18:50 of 1st period - Puck is out of play.
18:51 of 1st period - Nicholas Paul wins face-off versus Nicklas Backstrom in San Jose Sharks zone.
19:00 of 1st period - Slapshot by Seth Jarvis.
19:00 of 1st period - Stopped by Martin Jones with a rebound.
19:40 of 1st period - Snap shot by Andrei Svechnikov.
19:40 of 1st period - Stopped by Martin Jones without a rebound.
19:41 of 1st period - Kirby Dach wins face-off versus William Karlsson in San Jose Sharks zone.
19:44 of 1st period - Snap shot by Kirby Dach.
19:44 of 1st period - Stopped by Martin Jones with a rebound.
19:46 of 1st period - Snap shot by Andrei Kuzmenko.
19:46 of 1st period - Stopped by Martin Jones without a rebound.
19:47 of 1st period - William Karlsson wins face-off versus Nicklas Backstrom in San Jose Sharks zone.
19:47 of 1st period - William Karlsson is hit by Nicklas Backstrom.
Goals for this period are 0 for San Jose Sharks vs 1 for Los Angeles Kings.
Shots for this period are 8 for San Jose Sharks vs 11 for Los Angeles Kings.
2nd period
0:01 of 2nd period - Kirby Dach wins face-off versus Nicholas Paul in neutral zone.
0:06 of 2nd period - Wrist shot by Kirby Dach.
0:06 of 2nd period - Shot Blocked by Travis Boyd.
0:30 of 2nd period - Snap shot by Nicklas Backstrom.
0:30 of 2nd period - Stopped by Martin Jones with a rebound.
0:32 of 2nd period - Slapshot by Noah Dobson.
0:32 of 2nd period - Stopped by Martin Jones without a rebound.
0:33 of 2nd period - William Karlsson wins face-off versus Nicklas Backstrom in San Jose Sharks zone.
0:33 of 2nd period - William Karlsson is hit by Alexander Romanov.
0:41 of 2nd period - K'Andre Miller is hit by Oliver Bjorkstrand and loses puck.
0:58 of 2nd period - Kirby Dach is hit by Nikita Zadorov and loses puck.
1:31 of 2nd period - Snap shot by Andreas Athanasiou.
1:31 of 2nd period - Shot Blocked by Joshua Brown.
1:52 of 2nd period - Minor Penalty to Cooper Marody for Roughing.
1:53 of 2nd period - Andrei Svechnikov wins face-off versus Adam Henrique in Los Angeles Kings zone.
3:52 of 2nd period - Penalty to Cooper Marody is over, Cooper Marody is back on ice.
4:33 of 2nd period - Slapshot by Noah Dobson.
4:33 of 2nd period - Stopped by Martin Jones without a rebound.
4:34 of 2nd period - Peyton Krebs wins face-off versus Nicholas Paul in San Jose Sharks zone.
4:49 of 2nd period - Slapshot by K'Andre Miller.
4:49 of 2nd period - Deflect By Travis Boyd.
4:49 of 2nd period - Stopped by Martin Jones with a rebound.
4:55 of 2nd period - Minor Penalty to Nikita Zadorov for Hooking.
4:56 of 2nd period - Adam Henrique wins face-off versus Kirby Dach in San Jose Sharks zone.
4:56 of 2nd period - Adam Henrique is hit by K'Andre Miller.
5:28 of 2nd period - Wrist shot by Andrei Svechnikov.
5:28 of 2nd period - Shot Misses the Net.
5:30 of 2nd period - Slapshot by Alexander Romanov.
5:30 of 2nd period - Deflect By Derek Forbort.
5:30 of 2nd period - Stopped by Martin Jones without a rebound.
5:31 of 2nd period - Adam Henrique wins face-off versus Trent Frederic in San Jose Sharks zone.
6:55 of 2nd period - Penalty to Nikita Zadorov is over, Nikita Zadorov is back on ice.
7:02 of 2nd period - Nikita Zadorov is hit by Noah Dobson and loses puck.
7:07 of 2nd period - Slapshot by Alexander Radulov.
7:07 of 2nd period - Stopped by Martin Jones with a rebound.
7:27 of 2nd period - Slapshot by William Karlsson.
7:27 of 2nd period - Shot Misses the Net.
7:29 of 2nd period - Wrist shot by Adam Henrique.
7:29 of 2nd period - Stopped by John Gibson with a rebound.
7:31 of 2nd period - Snap shot by William Karlsson.
7:31 of 2nd period - Shot Blocked by Peyton Krebs.
7:35 of 2nd period - Slapshot by William Karlsson.
7:35 of 2nd period - Stopped by John Gibson with a rebound.
7:37 of 2nd period - Slapshot by Anthony Deangelo.
7:37 of 2nd period - Shot Misses the Net.
7:39 of 2nd period - Wrist shot by William Karlsson.
7:39 of 2nd period - Shot Blocked by Joshua Brown.
7:41 of 2nd period - Wrist shot by Nikita Zadorov.
7:41 of 2nd period - Shot Misses the Net.
7:43 of 2nd period - Slapshot by Adam Henrique.
7:43 of 2nd period - Stopped by John Gibson with a rebound.
7:45 of 2nd period - Slapshot by William Karlsson.
7:45 of 2nd period - Shot Misses the Net.
7:47 of 2nd period - Wrist shot by Nikita Zadorov.
7:47 of 2nd period - Stopped by John Gibson without a rebound.
7:48 of 2nd period - Nicklas Backstrom wins face-off versus Nicholas Paul in Los Angeles Kings zone.
7:53 of 2nd period - Snap shot by Trent Frederic.
7:53 of 2nd period - Shot Misses the Net.
8:01 of 2nd period - Slapshot by Andreas Athanasiou.
8:01 of 2nd period - Stopped by John Gibson with a rebound.
8:13 of 2nd period - Alexander Romanov is hit by Michael Bunting and loses puck.
8:34 of 2nd period - Owen Power is hit by Joel Edmundson and loses puck.
8:45 of 2nd period - Snap shot by Ryan Strome.
8:45 of 2nd period - Stopped by John Gibson with a rebound.
8:47 of 2nd period - Wrist shot by Oliver Bjorkstrand.
8:47 of 2nd period - Shot Misses the Net.
8:49 of 2nd period - Slapshot by Ryan Strome.
8:49 of 2nd period - Deflect By Nicholas Paul.
8:49 of 2nd period - Stopped by John Gibson without a rebound.
8:50 of 2nd period - Mike Hoffman wins face-off versus Nicklas Backstrom in Los Angeles Kings zone.
9:05 of 2nd period - Seth Jarvis is hit by Nikita Zadorov and loses puck.
9:18 of 2nd period - Wrist shot by William Karlsson.
9:18 of 2nd period - Stopped by John Gibson without a rebound.
9:19 of 2nd period - Kirby Dach wins face-off versus William Karlsson in Los Angeles Kings zone.
9:34 of 2nd period - Wrist shot by Andrei Svechnikov.
9:34 of 2nd period - Shot Blocked by Anthony Deangelo.
10:15 of 2nd period - Backhand shot by K'Andre Miller.
10:15 of 2nd period - Deflect By Andreas Athanasiou.
10:15 of 2nd period - Goal by K'Andre Miller - San Jose Sharks : 0 - Los Angeles Kings : 2.
10:16 of 2nd period - William Karlsson wins face-off versus Kirby Dach in neutral zone.
11:25 of 2nd period - Icing by Vitali Kravtsov.
11:26 of 2nd period - William Karlsson wins face-off versus Peyton Krebs in Los Angeles Kings zone.
11:59 of 2nd period - Wrist shot by Andreas Athanasiou.
11:59 of 2nd period - Stopped by John Gibson with a rebound.
12:21 of 2nd period - Wrist shot by Alex Iafallo.
12:21 of 2nd period - Shot Misses the Net.
12:35 of 2nd period - Seth Jarvis is hit by Jacob Middleton and loses puck.
13:11 of 2nd period - Nicklas Backstrom is hit by Andreas Athanasiou and loses puck.
13:15 of 2nd period - Icing by Erik Brannstrom.
13:16 of 2nd period - Nicklas Backstrom wins face-off versus William Karlsson in Los Angeles Kings zone.
13:44 of 2nd period - Slapshot by Andreas Athanasiou.
13:44 of 2nd period - Stopped by John Gibson with a rebound.
14:12 of 2nd period - Slapshot by Seth Jarvis.
14:12 of 2nd period - Stopped by Martin Jones without a rebound.
14:13 of 2nd period - William Karlsson wins face-off versus Kirby Dach in San Jose Sharks zone.
14:24 of 2nd period - Nikita Zadorov is hit by Kirby Dach and loses puck.
14:47 of 2nd period - Snap shot by Andrei Svechnikov.
14:47 of 2nd period - Goal by Andrei Svechnikov - San Jose Sharks : 0 - Los Angeles Kings : 3.
14:48 of 2nd period - Kirby Dach wins face-off versus William Karlsson in neutral zone.
14:57 of 2nd period - Wrist shot by Andrei Kuzmenko.
14:57 of 2nd period - Shot Misses the Net.
15:39 of 2nd period - Travis Boyd is hit by Cooper Marody and loses puck.
16:13 of 2nd period - Snap shot by Oliver Bjorkstrand.
16:13 of 2nd period - Stopped by John Gibson with a rebound.
16:15 of 2nd period - Slapshot by Calle Rosen.
16:15 of 2nd period - Deflect By Alexander Radulov.
16:15 of 2nd period - Stopped by John Gibson with a rebound.
16:17 of 2nd period - Wrist shot by Calle Rosen.
16:17 of 2nd period - Shot Hit the Post.
16:19 of 2nd period - Wrist shot by Ryan Strome.
16:19 of 2nd period - Stopped by John Gibson without a rebound.
16:20 of 2nd period - Kirby Dach wins face-off versus Adam Henrique in Los Angeles Kings zone.
16:29 of 2nd period - Wrist shot by Alex Iafallo.
16:29 of 2nd period - Shot Blocked by Erik Brannstrom.
16:31 of 2nd period - Slapshot by Ryan Hartman.
16:31 of 2nd period - Stopped by John Gibson without a rebound.
16:32 of 2nd period - Kirby Dach wins face-off versus Ryan Strome in Los Angeles Kings zone.
16:59 of 2nd period - K'Andre Miller is hit by Ryan Hartman and loses puck.
17:45 of 2nd period - Slapshot by Alexander Romanov.
17:45 of 2nd period - Stopped by Martin Jones without a rebound.
17:46 of 2nd period - Mike Hoffman wins face-off versus Cooper Marody in San Jose Sharks zone.
18:11 of 2nd period - Backhand shot by Calle Rosen.
18:11 of 2nd period - Shot Misses the Net.
18:13 of 2nd period - Snap shot by Ryan Strome.
18:13 of 2nd period - Stopped by John Gibson without a rebound.
18:14 of 2nd period - William Karlsson wins face-off versus Kirby Dach in Los Angeles Kings zone.
18:15 of 2nd period - Snap shot by Oliver Bjorkstrand.
18:15 of 2nd period - Shot Misses the Net.
18:25 of 2nd period - Slapshot by Noah Dobson.
18:25 of 2nd period - Deflect By Andrei Svechnikov.
18:25 of 2nd period - Shot Misses the Net.
18:25 of 2nd period - Puck is out of play.
18:26 of 2nd period - Adam Henrique wins face-off versus Kirby Dach in San Jose Sharks zone.
18:39 of 2nd period - Slapshot by Derek Forbort.
18:39 of 2nd period - Deflect By Alex Iafallo.
18:39 of 2nd period - Shot Blocked by Owen Power.
18:39 of 2nd period - Puck is out of play.
18:40 of 2nd period - Nicklas Backstrom wins face-off versus William Karlsson in Los Angeles Kings zone.
18:55 of 2nd period - Slapshot by Seth Jarvis.
18:55 of 2nd period - Stopped by Martin Jones with a rebound.
19:18 of 2nd period - Slapshot by Anthony Deangelo.
19:18 of 2nd period - Shot Misses the Net.
19:20 of 2nd period - Snap shot by Joel Edmundson.
19:20 of 2nd period - Stopped by John Gibson with a rebound.
19:57 of 2nd period - Slapshot by Mike Hoffman.
19:57 of 2nd period - Shot Misses the Net.
Goals for this period are 0 for San Jose Sharks vs 2 for Los Angeles Kings.
Shots for this period are 16 for San Jose Sharks vs 11 for Los Angeles Kings.
3rd period
0:01 of 3rd period - William Karlsson wins face-off versus Andrei Svechnikov in neutral zone.
0:40 of 3rd period - Wrist shot by Alexander Radulov.
0:40 of 3rd period - Stopped by Martin Jones with a rebound.
2:07 of 3rd period - Slapshot by William Karlsson.
2:07 of 3rd period - Stopped by John Gibson without a rebound.
2:08 of 3rd period - Nicklas Backstrom wins face-off versus Adam Henrique in Los Angeles Kings zone.
2:08 of 3rd period - Nicklas Backstrom is hit by Alex Iafallo.
2:15 of 3rd period - Noah Dobson is hit by Ryan Hartman and loses puck.
2:24 of 3rd period - Wrist shot by Seth Jarvis.
2:24 of 3rd period - Stopped by Martin Jones with a rebound.
2:30 of 3rd period - Minor Penalty to Ryan Hartman for Hooking.
2:31 of 3rd period - Adam Henrique wins face-off versus Trent Frederic in San Jose Sharks zone.
2:44 of 3rd period - Alex Iafallo is hit by Alexander Romanov and loses puck.
2:57 of 3rd period - Slapshot by Andrei Svechnikov.
2:57 of 3rd period - Stopped by Martin Jones with a rebound.
4:11 of 3rd period - Snap shot by Nicholas Paul.
4:11 of 3rd period - Stopped by John Gibson with a rebound.
4:30 of 3rd period - Penalty to Ryan Hartman is over, Ryan Hartman is back on ice.
4:37 of 3rd period - Snap shot by Alexander Radulov.
4:37 of 3rd period - Stopped by Martin Jones with a rebound.
4:39 of 3rd period - Snap shot by Peyton Krebs.
4:39 of 3rd period - Shot Blocked by Jacob Middleton.
4:41 of 3rd period - Slapshot by Peyton Krebs.
4:41 of 3rd period - Deflect By Alexander Radulov.
4:41 of 3rd period - Goal by Alexander Radulov - San Jose Sharks : 0 - Los Angeles Kings : 4.
4:42 of 3rd period - Peyton Krebs wins face-off versus Adam Henrique in neutral zone.
4:51 of 3rd period - Backhand shot by Alexander Radulov.
4:51 of 3rd period - Stopped by Martin Jones with a rebound.
5:42 of 3rd period - Slapshot by Travis Boyd.
5:42 of 3rd period - Shot Misses the Net.
6:01 of 3rd period - Snap shot by Seth Jarvis.
6:01 of 3rd period - Shot Blocked by Mike Hoffman.
6:33 of 3rd period - Off-side.
6:34 of 3rd period - Kirby Dach wins face-off versus William Karlsson in neutral zone.
6:45 of 3rd period - Snap shot by Andrei Svechnikov.
6:45 of 3rd period - Stopped by Martin Jones without a rebound.
6:46 of 3rd period - Adam Henrique wins face-off versus Kirby Dach in San Jose Sharks zone.
7:18 of 3rd period - Wrist shot by Ryan Strome.
7:18 of 3rd period - Stopped by John Gibson without a rebound.
7:19 of 3rd period - William Karlsson wins face-off versus Nicklas Backstrom in Los Angeles Kings zone.
7:51 of 3rd period - Backhand shot by Noah Dobson.
7:51 of 3rd period - Deflect By Andrei Svechnikov.
7:51 of 3rd period - Shot Misses the Net.
7:51 of 3rd period - Puck is out of play.
7:52 of 3rd period - Adam Henrique wins face-off versus Kirby Dach in San Jose Sharks zone.
8:05 of 3rd period - Wrist shot by Andrei Kuzmenko.
8:05 of 3rd period - Shot Blocked by Nikita Zadorov.
8:07 of 3rd period - Snap shot by Kirby Dach.
8:07 of 3rd period - Shot Misses the Net.
8:24 of 3rd period - Slapshot by Alexander Radulov.
8:24 of 3rd period - Stopped by Martin Jones without a rebound.
8:25 of 3rd period - Peyton Krebs wins face-off versus Oliver Bjorkstrand in San Jose Sharks zone.
8:30 of 3rd period - Wrist shot by Alexander Radulov.
8:30 of 3rd period - Stopped by Martin Jones with a rebound.
8:32 of 3rd period - Slapshot by Noah Dobson.
8:32 of 3rd period - Stopped by Martin Jones with a rebound.
8:34 of 3rd period - Snap shot by Peyton Krebs.
8:34 of 3rd period - Shot Blocked by William Karlsson.
8:36 of 3rd period - Snap shot by Vitali Kravtsov.
8:36 of 3rd period - Shot Hit the Post.
8:38 of 3rd period - Snap shot by Peyton Krebs.
8:38 of 3rd period - Shot Misses the Net.
8:40 of 3rd period - Slapshot by Noah Dobson.
8:40 of 3rd period - Stopped by Martin Jones without a rebound.
8:41 of 3rd period - Nicholas Paul wins face-off versus Kirby Dach in San Jose Sharks zone.
8:50 of 3rd period - Snap shot by Andreas Athanasiou.
8:50 of 3rd period - Shot Misses the Net.
8:52 of 3rd period - Wrist shot by Nicholas Paul.
8:52 of 3rd period - Shot Blocked by Andrei Svechnikov.
8:54 of 3rd period - Snap shot by Nicholas Paul.
8:54 of 3rd period - Goal by Nicholas Paul - San Jose Sharks : 1 - Los Angeles Kings : 4.
8:55 of 3rd period - Adam Henrique wins face-off versus Nicklas Backstrom in neutral zone.
9:02 of 3rd period - Slapshot by Erik Brannstrom.
9:02 of 3rd period - Stopped by Martin Jones with a rebound.
9:22 of 3rd period - Erik Brannstrom is hit by Joel Edmundson.
10:03 of 3rd period - Slapshot by Danton Heinen.
10:03 of 3rd period - Stopped by John Gibson without a rebound.
10:04 of 3rd period - Cooper Marody wins face-off versus Mike Hoffman in Los Angeles Kings zone.
10:04 of 3rd period - Cooper Marody is hit by Michael Bunting.
10:14 of 3rd period - Snap shot by Cooper Marody.
10:14 of 3rd period - Stopped by Martin Jones without a rebound.
10:15 of 3rd period - Adam Henrique wins face-off versus Kirby Dach in San Jose Sharks zone.
10:31 of 3rd period - Slapshot by Jacob Middleton.
10:31 of 3rd period - Shot Blocked by Kirby Dach.
10:41 of 3rd period - Ryan Strome is hit by Noah Dobson and loses puck.
10:48 of 3rd period - Slapshot by Seth Jarvis.
10:48 of 3rd period - Shot Misses the Net.
10:50 of 3rd period - Snap shot by Seth Jarvis.
10:50 of 3rd period - Shot Blocked by Calle Rosen.
10:52 of 3rd period - Wrist shot by Trent Frederic.
10:52 of 3rd period - Deflect By Nicklas Backstrom.
10:52 of 3rd period - Goal by Nicklas Backstrom - San Jose Sharks : 1 - Los Angeles Kings : 5.
10:53 of 3rd period - Nicholas Paul wins face-off versus Nicklas Backstrom in neutral zone.
11:37 of 3rd period - Minor Penalty to Derek Forbort for Tripping.
11:38 of 3rd period - Adam Henrique wins face-off versus Seth Jarvis in San Jose Sharks zone.
12:03 of 3rd period - Calle Rosen is hit by Owen Power.
12:17 of 3rd period - Kirby Dach is hit by Nikita Zadorov and loses puck.
13:18 of 3rd period - Adam Henrique is hit by Kirby Dach and loses puck.
13:37 of 3rd period - Penalty to Derek Forbort is over, Derek Forbort is back on ice.
14:10 of 3rd period - Icing by Mike Hoffman.
14:11 of 3rd period - Mike Hoffman wins face-off versus Cooper Marody in San Jose Sharks zone.
15:04 of 3rd period - Snap shot by Alexander Radulov.
15:04 of 3rd period - Shot Blocked by Derek Forbort.
15:16 of 3rd period - Snap shot by Ryan Strome.
15:16 of 3rd period - Stopped by John Gibson with a rebound.
15:39 of 3rd period - Snap shot by Marco Rossi.
15:39 of 3rd period - Shot Misses the Net.
15:41 of 3rd period - Backhand shot by Cooper Marody.
15:41 of 3rd period - Shot Blocked by Calle Rosen.
16:01 of 3rd period - Michael Bunting is hit by Kirby Dach.
16:23 of 3rd period - Slapshot by Alexander Radulov.
16:23 of 3rd period - Stopped by Martin Jones with a rebound.
16:25 of 3rd period - Snap shot by Alexander Radulov.
16:25 of 3rd period - Stopped by Martin Jones without a rebound.
16:26 of 3rd period - Peyton Krebs wins face-off versus Adam Henrique in San Jose Sharks zone.
16:37 of 3rd period - Snap shot by Alexander Radulov.
16:37 of 3rd period - Stopped by Martin Jones with a rebound.
16:39 of 3rd period - Backhand shot by Joshua Brown.
16:39 of 3rd period - Stopped by Martin Jones without a rebound.
16:40 of 3rd period - Nicklas Backstrom wins face-off versus William Karlsson in San Jose Sharks zone.
16:51 of 3rd period - Wrist shot by Oliver Bjorkstrand.
16:51 of 3rd period - Shot Misses the Net.
17:07 of 3rd period - Ryan Hartman is hit by Andrei Svechnikov and loses puck.
17:14 of 3rd period - Andrei Kuzmenko is hit by Jacob Middleton and loses puck.
17:31 of 3rd period - Vitali Kravtsov is hit by Andreas Athanasiou and loses puck.
17:47 of 3rd period - Snap shot by William Karlsson.
17:47 of 3rd period - Shot Misses the Net.
18:33 of 3rd period - Wrist shot by Andrei Svechnikov.
18:33 of 3rd period - Shot Misses the Net.
18:35 of 3rd period - Slapshot by Andrei Svechnikov.
18:35 of 3rd period - Stopped by Martin Jones without a rebound.
18:36 of 3rd period - William Karlsson wins face-off versus Peyton Krebs in San Jose Sharks zone.
18:40 of 3rd period - Off-side.
18:41 of 3rd period - William Karlsson wins face-off versus Peyton Krebs in neutral zone.
19:33 of 3rd period - Nicholas Paul is hit by Andrei Kuzmenko.
19:49 of 3rd period - Minor Penalty to Michael Bunting for Holding.
19:50 of 3rd period - Nicklas Backstrom wins face-off versus Adam Henrique in San Jose Sharks zone.
Goals for this period are 1 for San Jose Sharks vs 2 for Los Angeles Kings.
Shots for this period are 6 for San Jose Sharks vs 19 for Los Angeles Kings.
Back to the Top